 Dungeon Crawl Stone Soup version 0.21.1-1-g345015f (webtiles) character file.

201 Mirai the Magician (level 5, -1/28 HPs)
             Began as a Deep Elf Conjurer on Apr 5, 2018.
             Slain by Pikel
             ... wielding a +0 whip of electrocution
              (8 damage)
             ... on level 4 of the Dungeon.
             The game lasted 00:04:37 (2344 turns).

Mirai the Magician (Deep Elf Conjurer)              Turns: 2344, Time: 00:04:37

Health: -1/28      AC:  4    Str:  5    XL:     5   Next: 50%
Magic:  0/17       EV: 13    Int: 21    God:
Gold:   274        SH:  0    Dex: 15    Spells: 8/19 levels left

rFire    . . .     SeeInvis .   g - +1 hand axe
rCold    . . .     Gourm    .   (no shield)
rNeg     . . .     Faith    .   a - +0 robe
rPois    .         Spirit   .   (no helmet)
rElec    .         Reflect  .   (no cloak)
rCorr    .         Harm     .   e - +1 pair of gloves
MR       .....                  (no boots)
Stlth    ++........             (no amulet)
HPRegen  0.09/turn              (no ring)
MPRegen  0.15/turn              (no ring)

@: no status effects
A: no striking features
a: no special abilities


You were on level 4 of the Dungeon.
You were not hungry.

You visited 1 branch of the dungeon, and saw 4 of its levels.

You collected 274 gold pieces.

Inventory:

Hand Weapons
 g - a +1 hand axe (weapon)
Armour
 a - a +0 robe (worn)
 e - a +1 pair of gloves (worn)
Jewellery
 d - an uncursed ring of protection from fire {unknown}
Scrolls
 h - a scroll of identify
 m - 3 scrolls of enchant weapon
Potions
 f - 3 potions of lignification
 i - a potion of heal wounds {unknown}
 k - 3 potions of brilliance {unknown}
 n - a potion of flight {unknown}
 o - a potion of curing {unknown}
 q - a potion of cancellation {unknown}
 t - a potion of haste {unknown}
 u - a potion of mutation {unknown}
Books
 b - a book of Conjurations

   Spells                             Type                      Level
   a - Magic Dart                     Conjuration                  1
   b - Searing Ray                    Conjuration                  2
   c - Dazzling Spray                 Conjuration/Hexes            3
   d - Fulminant Prism                Conjuration/Hexes            4
   e - Force Lance                    Conjuration/Translocation    4
   f - Iskenderun's Mystic Blast      Conjuration                  4
Comestibles
 c - 5 rations


   Skills:
 - Level 2.4 Dodging
 - Level 2.4 Stealth
 + Level 7.8 Spellcasting
 - Level 4.3 Conjurations


You had 8 spell levels left.
You knew the following spells:

 Your Spells              Type           Power        Failure   Level  Hunger
a - Magic Dart            Conj           ####         1%          1    None
b - Searing Ray           Conj           ####..       1%          2    None
c - Iskenderun's Mystic   Conj           ####....     13%         4    ###....
d - Fulminant Prism       Conj/Hex       ###.......   32%         4    ###....


Dungeon Overview and Level Annotations

Branches:
Dungeon (4/15)
 Temple: D:4-7

Altars:
Cheibriados
Elyvilon
Nemelex Xobeh
Ru
Trog

Annotations:
D:4 Pikel


Message History

You hit Pikel but do no damage.
Pikel is severely wounded.
Pikel closely misses you.
Pikel hits you with a whip of electrocution.
You are electrocuted!
Ouch! That really hurt!
* * * LOW HITPOINT WARNING * * *
Casting: Searing Ray
Confirm with . or Enter, or press ? or * to list all spells.
Aiming: Searing Ray
Press: ? - help, Shift-Dir - straight line The searing ray misses Pikel.
The searing ray misses the slave.
The searing ray hits the slave.
The slave is heavily wounded. (Press . to maintain the ray.) Pikel barely misses you.
Without enough magic to sustain it, your searing ray dissipates.
Pikel says, "It's all about the gold, really."
Pikel hits you with a whip of electrocution!
You die...

.....!#..
.........
........# .......#
#...... ##.....#
##.....p#########.
#...?..ppK@.......
..#.....####......
#...p.# #####
.....p...
.........
........##
........#
........#


You could see Pikel and 3 slaves.

Vanquished Creatures
  A slave (D:4)
  An ogre (D:3)
  3 gnolls (D:3)
  3 adders
  An ooze (D:3)
  A dart slug (D:3)
  2 orcs (D:3)
  2 ball pythons
  5 giant cockroaches
  3 goblins (D:2)
  8 hobgoblins
  5 jackals
  4 kobolds
  A quokka (D:4)
  7 bats
  4 frilled lizards
  8 rats
59 creatures vanquished.

Notes
Turn   | Place    | Note
-------+----------+-------------------------------------------
     0 | D:1      | Mirai the Deep Elf Conjurer began the quest for the Orb.
     0 | D:1      | Reached XP level 1. HP: 10/10 MP: 6/6
   198 | D:1      | Reached skill level 4 in Spellcasting
   198 | D:1      | Reached XP level 2. HP: 14/15 MP: 2/9
   202 | D:1      | Learned a level 2 spell: Searing Ray
   855 | D:2      | Found a bloodstained altar of Trog.
   860 | D:2      | Found a sacrificial altar of Ru.
   877 | D:2      | Reached skill level 5 in Spellcasting
   877 | D:2      | Reached XP level 3. HP: 19/19 MP: 4/11
  1164 | D:2      | Found a snail-covered altar of Cheibriados.
  1210 | D:2      | Found a sparkling altar of Nemelex Xobeh.
  1648 | D:3      | Found a white marble altar of Elyvilon.
  1730 | D:3      | Noticed an ogre
  1740 | D:3      | Killed an ogre
  1740 | D:3      | Reached skill level 7 in Spellcasting
  1740 | D:3      | Reached XP level 4. HP: 6/24 MP: 5/15
  1742 | D:3      | Reached XP level 5. HP: 6/28 MP: 3/16
  1845 | D:3      | Learned a level 4 spell: Iskenderun's Mystic Blast
  1850 | D:3      | Learned a level 4 spell: Fulminant Prism
  2324 | D:4      | Noticed a slave
  2324 | D:4      | Noticed a slave
  2325 | D:4      | Noticed Pikel
  2325 | D:4      | Noticed a slave
  2325 | D:4      | Noticed a slave
  2337 | D:4      | Killed a slave
  2344 | D:4      | Slain by Pikel

Skill      XL: |  1  2  3 |
---------------+----------+-----
Spellcasting   | 4 5 7 |  7.8
Dodging        | |  2.4
Stealth        | |  2.4
Conjurations   | |  4.3

Action                   |  1- 3 |  4- 6 || total
-------------------------+-------+-------++-------
Melee: Hand axe          |     7 |     1 ||     8
 Cast: Magic Dart        |    68 |    21 ||    89
       Searing Ray       |     3 |     9 ||    12
       Iskenderun's Myst |       |     1 ||     1
  Use: Scroll            |       |     6 ||     6
  Eat: Chunk             |     2 |     2 ||     4
Armor: Robe              |     8 |     1 ||     9
Dodge: Dodged            |    20 |    12 ||    32
